AoeStats
← The Scampy

African Clearing

504440668Analyzed
4v4 RM · 25d ago on Sep 5, 2026· 47m 45s· 8 players
Game mode
Random Map
Map size
Large (8 player)
Population
200
Speed
Normal
Resources
Standard
Victory
Conquest
Starting age
Dark Age
Ending age
Imperial Age
RankedLock teamsTeams togetherTeam positionsShared explorationLock speedFull tech treeHidden civsTurbo modeCheats
Victory
Defeat
🇷🇺 Wei · Russia
986
+10
🇮🇳 Cumans · India
976
+11
🇹🇷 Huns · Türkiye
908
+13
🇷🇺 Vietnamese · Russia
836
+16
🇩🇪 Japanese · Germany
862
-13
🇩🇪 Khmer · Germany
860
-13
🇩🇪 Sicilians · Germany
847
-12
🇩🇪 Mongols · Germany
837
-12
tleyberd
4:06 Loom
14:05 Feudal Age
14:32 Double-Bit Axe
14:28 Horse Collar
17:28 Stone Mining
18:30 Gold Mining
22:21 Castle Age
23:32 Wheelbarrow
25:55 Bow Saw
25:50 Fletching
26:27 Bodkin Arrow
30:29 Scale Barding Armor
35:48 Stone Shaft Mining
35:48 Gold Shaft Mining
37:00 Chain Barding Armor
36:51 Forging
36:51 Town Watch
39:20 Fervor
39:32 Sanctity
41:53 Imperial Age
41:00 Hand Cart
42:57 Gold Shaft Mining
44:29 Iron Casting
43:59 Treadmill Crane
44:40 Ballistics
45:20 Chemistry
44:19 Murder Holes
44:42 Masonry
46:30 Blast Furnace
46:25 Heavy Plow
46:06 Elite Tiger Cavalry
47:24 Conscription
47:30 Bracer
48:41 Ming Guang Armor
48:19 Tuntian
48:58 Hoardings
Get Rekt
8:24 Loom
18:13 Feudal Age
18:38 Double-Bit Axe
18:35 Horse Collar
18:36 Man-at-Arms
24:00 Stone Mining
24:41 Gold Mining
31:37 Castle Age
31:52 Forging
31:42 Scale Mail Armor
31:47 Pikeman
31:49 Long Swordsman
32:35 Crossbowman
34:31 Marauders
35:47 Wheelbarrow
39:39 Ballistics
40:20 Fletching
40:30 Padded Archer Armor
40:35 Scale Barding Armor
40:49 Murder Holes
41:11 Bow Saw
41:13 Heavy Plow
46:02 Imperial Age
44:23 Gold Shaft Mining
44:57 Bodkin Arrow
45:18 Leather Archer Armor
45:28 Chain Barding Armor
46:55 Iron Casting
46:38 Thumb Ring
47:09 Parthian Tactics
46:56 Thumb Ring
POL POT
3:03 Loom
13:19 Feudal Age
14:36 Wheelbarrow
13:54 Double-Bit Axe
14:10 Horse Collar
21:25 Castle Age
22:32 Hand Cart
22:34 Bow Saw
22:30 Heavy Plow
22:26 Stone Mining
22:27 Gold Mining
24:25 Murder Holes
26:25 Town Watch
29:29 Town Patrol
31:01 Ballistics
30:52 Fletching
31:03 Padded Archer Armor
30:46 Treadmill Crane
32:40 Bodkin Arrow
33:00 Leather Archer Armor
38:54 Imperial Age
38:12 Thumb Ring
40:00 Bracer
40:31 Ring Archer Armor
40:34 Crop Rotation
41:20 Chemistry
40:59 Elite Rattan Archer
41:39 Chatras
42:00 Paper Money
kwik
3:20 Loom
14:07 Feudal Age
14:44 Double-Bit Axe
14:41 Horse Collar
19:09 Wheelbarrow
25:02 Castle Age
23:30 Gold Mining
24:10 Bloodlines
24:08 Scale Barding Armor
24:13 Forging
26:17 Chain Barding Armor
26:33 Iron Casting
26:14 Bow Saw
26:10 Heavy Plow
28:17 Town Watch
29:15 Hand Cart
33:03 Gold Shaft Mining
39:15 Imperial Age
36:46 Town Patrol
38:47 Fletching
38:57 Padded Archer Armor
39:20 Cavalier
40:37 Plate Barding Armor
41:03 Blast Furnace
40:33 Paladin
48:06 Bodkin Arrow
48:27 Leather Archer Armor
48:08 Stone Mining
Red_Tiger
15:53 Feudal Age
14:09 Loom
19:28 Town Watch
24:25 Forging
25:47 Bloodlines
27:29 Horse Collar
33:48 Castle Age
42:27 Nomads
44:37 Fletching
fylla
9:52 Loom
12:15 Feudal Age
13:09 Man-at-Arms
15:05 Fishing Lines
16:22 Double-Bit Axe
25:40 Castle Age
24:40 Scale Mail Armor
24:50 Forging
25:40 Gold Mining
27:16 Wheelbarrow
26:48 Fletching
27:05 Gillnets
27:41 Bow Saw
27:52 Town Watch
28:00 Stone Mining
28:31 Pikeman
29:13 Squires
31:39 Ballistics
31:15 Bodkin Arrow
32:07 Padded Archer Armor
32:16 Thumb Ring
35:52 Thumb Ring
36:47 Gold Shaft Mining
37:42 Hand Cart
42:21 Imperial Age
41:11 Chain Mail Armor
41:31 Iron Casting
41:23 Husbandry
41:33 Bloodlines
43:02 Halberdier
44:15 Plate Mail Armor
44:45 Blast Furnace
44:08 Bracer
45:04 Conscription
45:06 Kataparuto
45:55 Guard Tower
The Scampy
10:58 Loom
15:00 Feudal Age
17:00 Wheelbarrow
16:14 Double-Bit Axe
18:17 Gold Mining
20:25 Stone Mining
35:53 Castle Age
34:29 Horse Collar
39:58 Bow Saw
45:51 Crossbowman
xy
7:10 Loom
14:19 Feudal Age
15:33 Double-Bit Axe
15:43 Horse Collar
21:51 Castle Age
21:49 Wheelbarrow
25:52 Bow Saw
26:36 Hand Cart
34:34 Imperial Age
34:42 Gold Mining
40:15 Conscription
39:58 Town Watch
41:48 Pikeman
42:56 Scale Mail Armor
44:38 Chain Mail Armor
44:34 Forging
45:30 Halberdier
Connection lost

Rejoining the realm…

Still unreachable

The connection could not be restored.

Session expired

The server has moved on; the page needs a fresh start.